SNL (28 & UNDER)
WEST VIRGINIA POWER @ GAINESVILLE GUIDOS
04/15/2028
 
TOP OF THE 1ST
West Virginia Power batting - Pitching for Gainesville Guidos : LHP Kelly Henry
Pitching: LHP Kelly Henry
Batting: RHB Luis Quezada 0-0: SINGLE (Line Drive, 78S)
Batting: RHB Pedro Echevarría 0-0: Fly out, F9 (Flyball, 9LS)
Batting: SHB Waylon Adams 0-0: Called Strike
0-1: Ball
1-1: Ball
2-1: Foul Ball, location: 2F
2-2: Ball
3-2: Base on Balls
Luis Quezada to second
Batting: RHB Tony Parker 0-0: Foul Ball, location: 2F
0-1: Ball
1-1: Foul Ball, location: 2F
1-2: Strikes out looking
Batting: RHB Piotr Zahn 0-0: Fly out, F9 (Flyball, 89S)
Top of the 1st over - 0 run(s), 1 hit(s), 0 error(s), 2 left on base; West Virginia 0 - Gainesville 0
BOTTOM OF THE 1ST
Gainesville Guidos batting - Pitching for West Virginia Power : LHP John Helms
Pitching: LHP John Helms
Batting: SHB Cornell Payne 0-0: Called Strike
0-1: Ball
1-1: Foul Ball, location: 2F
1-2: Ground out 5-3 (Groundball, 56S)
Batting: LHB Mark Owens 0-0: Called Strike
0-1: Ball
1-1: Swinging Strike
1-2: Strikes out swinging
Batting: RHB Kyle O'Day 0-0: Foul Ball, location: 2F
0-1: Ball
1-1: Swinging Strike
1-2: Foul Ball, location: 2F
1-2: Ground out 5-3 (Groundball, 5S)
Bottom of the 1st over - 0 run(s), 0 hit(s), 0 error(s), 0 left on base; West Virginia 0 - Gainesville 0
TOP OF THE 2ND
West Virginia Power batting - Pitching for Gainesville Guidos : LHP Kelly Henry
Batting: SHB Thomas Simmons 0-0: Ball
1-0: Fly out, F4 (Line Drive, 4)
Batting: LHB Júlio Martínez 0-0: Ball
1-0: Called Strike
1-1: Fly out, F9 (Flyball, 9)
Batting: LHB Wally Harris 0-0: Ball
1-0: Ground out 3-1 (Groundball, 34)
Top of the 2nd over - 0 run(s), 0 hit(s), 0 error(s), 0 left on base; West Virginia 0 - Gainesville 0
BOTTOM OF THE 2ND
Gainesville Guidos batting - Pitching for West Virginia Power : LHP John Helms
Batting: RHB Augusto Baca 0-0: Foul Ball, location: 2F
0-1: Ball
1-1: Ball
2-1: Ball
3-1: Called Strike
3-2: Foul Ball, location: 2F
3-2: Ground out 4-3 (Groundball, 4)
Batting: RHB Juan Reyes 0-0: Called Strike
0-1: Ball
1-1: Swinging Strike
1-2: Ball
2-2: Foul Ball, location: 2F
2-2: Ball
3-2: Base on Balls
Batting: RHB Denver Baker 0-0: Ball
1-0: SINGLE (Line Drive, 7S)
Juan Reyes to second
Batting: LHB Eddy Jefferson 0-0: Foul Ball, location: 2F
0-1: Foul Ball, location: 2F
0-2: Fly out, F7 (Flyball, 7S)
Batting: RHB Adrián López 0-0: Ball
1-0: 3-RUN HOME RUN (Flyball, 78XD), Distance : 379 ft
Batting: RHB Iván Moreno 0-0: Ball
1-0: Ball
2-0: Foul Ball, location: 2F
2-1: Foul Ball, location: 2F
2-2: Foul Ball, location: 2F
2-2: Foul Ball, location: 2F
2-2: Fly out, F9 (Flyball, 9LM)
Bottom of the 2nd over - 3 run(s), 2 hit(s), 0 error(s), 0 left on base; West Virginia 0 - Gainesville 3
TOP OF THE 3RD
West Virginia Power batting - Pitching for Gainesville Guidos : LHP Kelly Henry
Batting: LHB Phil Neal 0-0: Ball
1-0: Ball
2-0: Called Strike
2-1: Ball
3-1: SINGLE (Line Drive, 8LS)
Batting: RHB Luis Quezada 0-0: Ball
1-0: SINGLE (Line Drive, 34D)
Phil Neal to second
Batting: RHB Pedro Echevarría 0-0: Foul Ball, location: 2F
0-1: Ball
1-1: Ball
2-1: SINGLE (Flyball, 78S)
Phil Neal to third
Luis Quezada to second
Batting: SHB Waylon Adams 0-0: Ball
1-0: Fly out, F8 (Flyball, 8RD)
Runner from 3rd tags up, SCORES, no throw
Luis Quezada to third
Batting: RHB Tony Parker 0-0: Ball
1-0: Swinging Strike
1-1: Foul Ball, location: 2F
1-2: Foul Ball, location: 2F
1-2: Ball
2-2: Fielders Choice at 2nd, 4-6 (Groundball, 4)
Luis Quezada scores
Batting: RHB Piotr Zahn 0-0: Ball
1-0: Ball
2-0: Called Strike
2-1: Ball
3-1: SINGLE (Groundball, 56D)
Tony Parker to second
Batting: SHB Thomas Simmons 0-0: Ball
1-0: Called Strike
1-1: Called Strike
1-2: Ground out 1-3 (Groundball, 13S)
Top of the 3rd over - 2 run(s), 4 hit(s), 0 error(s), 2 left on base; West Virginia 2 - Gainesville 3
BOTTOM OF THE 3RD
Gainesville Guidos batting - Pitching for West Virginia Power : LHP John Helms
Batting: SHB Cornell Payne 0-0: Foul Ball, location: 2F
0-1: Ball
1-1: SINGLE (Groundball, 6MD)
Batting: LHB Mark Owens 0-0: Swinging Strike
0-1: Ball
1-1: Foul Ball, location: 2F
1-2: Foul Ball, location: 2F
1-2: Strikes out swinging
Batting: RHB Kyle O'Day 0-0: Ball
1-0: Called Strike
1-1: Foul Ball, location: 2F
1-2: Strikes out swinging
Batting: RHB Augusto Baca 0-0: Ball
Cornell Payne is caught stealing 2nd base
Bottom of the 3rd over - 0 run(s), 1 hit(s), 0 error(s), 0 left on base; West Virginia 2 - Gainesville 3
TOP OF THE 4TH
West Virginia Power batting - Pitching for Gainesville Guidos : LHP Kelly Henry
Batting: LHB Júlio Martínez 0-0: Ball
1-0: Ball
2-0: Ball
3-0: Called Strike
3-1: Swinging Strike
3-2: Strikes out swinging, 2-3 out at first.
Batting: LHB Wally Harris 0-0: Ball
1-0: Ball
2-0: Ball
3-0: Base on Balls
Batting: LHB Phil Neal 0-0: Called Strike
0-1: Ground out 4-3 (Groundball, 34)
Wally Harris to second
Batting: RHB Luis Quezada 0-0: Ground out 5-3 (Groundball, 56S)
Top of the 4th over - 0 run(s), 0 hit(s), 0 error(s), 1 left on base; West Virginia 2 - Gainesville 3
BOTTOM OF THE 4TH
Gainesville Guidos batting - Pitching for West Virginia Power : LHP John Helms
Batting: RHB Augusto Baca 0-0: Ball
1-0: Called Strike
1-1: Ground out 1-3 (Groundball, 13)
Batting: RHB Juan Reyes 0-0: Ball
1-0: SINGLE (Groundball, 6MD)
Batting: RHB Denver Baker 0-0: Grounds into double play, 4-6-3 (Groundball, 4)
Bottom of the 4th over - 0 run(s), 1 hit(s), 0 error(s), 0 left on base; West Virginia 2 - Gainesville 3
TOP OF THE 5TH
West Virginia Power batting - Pitching for Gainesville Guidos : LHP Kelly Henry
Batting: RHB Pedro Echevarría 0-0: Fly out, F3 (Popup, 3L)
Batting: SHB Waylon Adams 0-0: Ball
1-0: Ball
2-0: Called Strike
2-1: Swinging Strike
2-2: Ball
3-2: Foul Ball, location: 2F
3-2: Base on Balls
Batting: RHB Tony Parker 0-0: Called Strike
0-1: Ball
1-1: Foul Ball, location: 2F
1-2: Fly out, F8 (Flyball, 89D)
Batting: RHB Piotr Zahn 0-0: Called Strike
0-1: Swinging Strike
0-2: Ball
1-2: Strikes out swinging
Top of the 5th over - 0 run(s), 0 hit(s), 0 error(s), 1 left on base; West Virginia 2 - Gainesville 3
BOTTOM OF THE 5TH
Gainesville Guidos batting - Pitching for West Virginia Power : LHP John Helms
Batting: LHB Eddy Jefferson 0-0: Ball
1-0: SINGLE (Groundball, 4MD)
Batting: RHB Adrián López 0-0: Foul Ball, location: 2F
0-1: Ball
1-1: Ball
2-1: Foul Ball, location: 2F
2-2: Ball
3-2: Base on Balls
Eddy Jefferson to second
Batting: RHB Iván Moreno 0-0: Foul Ball, location: 2F
0-1: Ball
1-1: Ball
2-1: Ball
3-1: Base on Balls
Eddy Jefferson to third
Adrián López to second
Batting: SHB Cornell Payne 0-0: Called Strike
0-1: Ball
1-1: Ball
2-1: Called Strike
2-2: Ball
3-2: Grounds into double play, 4-6-3 (Groundball, 4)
Eddy Jefferson scores
Adrián López to third
Batting: LHB Mark Owens 0-0: Foul Ball, location: 2F
0-1: Foul Ball, location: 2F
0-2: Strikes out swinging
Bottom of the 5th over - 1 run(s), 1 hit(s), 0 error(s), 1 left on base; West Virginia 2 - Gainesville 4
TOP OF THE 6TH
West Virginia Power batting - Pitching for Gainesville Guidos : LHP Kelly Henry
Batting: SHB Thomas Simmons 0-0: Called Strike
0-1: Foul Ball, location: 2F
0-2: Strikes out looking
Batting: LHB Júlio Martínez 0-0: Ball
1-0: Called Strike
1-1: Fly out, F9 (Flyball, 9)
Batting: LHB Wally Harris 0-0: Ball
1-0: SINGLE (Flyball, 6MD)
Batting: LHB Phil Neal 0-0: Ball
1-0: Foul Ball, location: 2F
1-1: Ground out 5-3 (Groundball, 56S)
Top of the 6th over - 0 run(s), 1 hit(s), 0 error(s), 1 left on base; West Virginia 2 - Gainesville 4
BOTTOM OF THE 6TH
Gainesville Guidos batting - Pitching for West Virginia Power : LHP John Helms
Batting: RHB Kyle O'Day 0-0: Ball
1-0: Foul Ball, location: 2F
1-1: Swinging Strike
1-2: Ground out 4-3 (Groundball, 4M)
Batting: RHB Augusto Baca 0-0: Called Strike
0-1: Ball
1-1: Ground out 5-3 (Groundball, 56)
Batting: RHB Juan Reyes 0-0: Swinging Strike
0-1: Foul Ball, location: 2F
0-2: Ball
1-2: Ball
2-2: Ball
3-2: Base on Balls
Pitching: LHP Roberto Aguilar
Batting: RHB Denver Baker 0-0: Swinging Strike
0-1: Foul Ball, location: 2F
0-2: Ball
1-2: Fly out, F7 (Flyball, 78M)
Bottom of the 6th over - 0 run(s), 0 hit(s), 0 error(s), 1 left on base; West Virginia 2 - Gainesville 4
TOP OF THE 7TH
West Virginia Power batting - Pitching for Gainesville Guidos : LHP Kelly Henry
Batting: RHB Luis Quezada 0-0: Called Strike
0-1: Ball
1-1: Swinging Strike
1-2: Foul Ball, location: 2F
1-2: Strikes out swinging
Batting: RHB Pedro Echevarría 0-0: SINGLE (Groundball, 34S) (infield hit)
Batting: SHB Waylon Adams 0-0: Ball
Pedro Echevarría is caught stealing 2nd base
1-0: Ball
2-0: Called Strike
2-1: Ball
3-1: Fly out, F9 (Flyball, 9S)
Top of the 7th over - 0 run(s), 1 hit(s), 0 error(s), 0 left on base; West Virginia 2 - Gainesville 4
BOTTOM OF THE 7TH
Gainesville Guidos batting - Pitching for West Virginia Power : LHP Roberto Aguilar
Batting: LHB Eddy Jefferson 0-0: Called Strike
0-1: Foul Ball, location: 2F
0-2: Ground out 6-3 (Groundball, 6)
Batting: RHB Adrián López 0-0: Fly out, F2 (Popup, 3S)
Batting: RHB Iván Moreno 0-0: Called Strike
0-1: Ball
1-1: Called Strike
1-2: Hit by Pitch
Batting: SHB Cornell Payne 0-0: Ball
1-0: Ball
2-0: Called Strike
2-1: Ball
3-1: Fielders Choice at 2nd, 4-6 (Groundball, 4)
Bottom of the 7th over - 0 run(s), 0 hit(s), 0 error(s), 0 left on base; West Virginia 2 - Gainesville 4
TOP OF THE 8TH
West Virginia Power batting - Pitching for Gainesville Guidos : LHP Kelly Henry
Pitching: RHP Víctor Viña
Batting: RHB Tony Parker 0-0: Ball
1-0: Called Strike
1-1: Ball
2-1: SOLO HOME RUN (Flyball, 78XD), Distance : 405 ft
Batting: RHB Piotr Zahn 0-0: SINGLE (Groundball, 34D)
Pinch Runner at 1st Nick Mackin:
Pinch Hitting: RHB Javier Peña 0-0: Ball
1-0: Fly out, F8 (Flyball, 8RD)
Batting: LHB Júlio Martínez 0-0: Ball
1-0: Swinging Strike
1-1: Foul Ball, location: 2F
1-2: Ball
2-2: Foul Ball, location: 2F
2-2: Strikes out swinging
Batting: LHB Wally Harris 0-0: Fly out, F1 (Line Drive, 15S)
Top of the 8th over - 1 run(s), 2 hit(s), 0 error(s), 1 left on base; West Virginia 3 - Gainesville 4
BOTTOM OF THE 8TH
Gainesville Guidos batting - Pitching for West Virginia Power : LHP Roberto Aguilar
Now in CF: Alonzo Herrera
Batting: LHB Mark Owens 0-0: Called Strike
0-1: Ball
1-1: Ball
2-1: Ball
3-1: Foul Ball, location: 2F
3-2: Strikes out swinging
Batting: RHB Kyle O'Day 0-0: Ball
1-0: Called Strike
1-1: Fly out, F9 (Flyball, 9LM)
Batting: RHB Augusto Baca 0-0: Fly out, F8 (Flyball, 8RM)
Bottom of the 8th over - 0 run(s), 0 hit(s), 0 error(s), 0 left on base; West Virginia 3 - Gainesville 4
TOP OF THE 9TH
West Virginia Power batting - Pitching for Gainesville Guidos : RHP Víctor Viña
Pitching: RHP Mario Tovar
Now at C: Scott Young
Now at 3B: Dave Hall
Batting: LHB Phil Neal 0-0: Foul Ball, location: 2F
0-1: Called Strike
0-2: Ball
1-2: Ball
2-2: SINGLE (Groundball, 6MD)
Batting: RHB Luis Quezada 0-0: Ball
1-0: Bunted foul
1-1: Sac Bunt - play at first, batter safe!
Phil Neal to second
Batting: RHB Pedro Echevarría 0-0: Ball
1-0: Sac Bunt - play at first, batter OUT! 5-4
Phil Neal to third
Luis Quezada to second
Batting: SHB Waylon Adams 0-0: 3-RUN HOME RUN (Flyball, 9D), Distance : 356 ft
Pitching: RHP Matt Johnston
Batting: RHB Tony Parker 0-0: Called Strike
0-1: SINGLE (Groundball, 6MD)
Batting: RHB Nick Mackin 0-0: Ball
1-0: Foul Ball, location: 2F
1-1: Called Strike
1-2: Fly out, F7 (Flyball, 7S)
Batting: RHB Alonzo Herrera 0-0: Called Strike
Tony Parker steals 2nd base
0-1: Called Strike
0-2: Foul Ball, location: 2F
0-2: Strikes out swinging
Top of the 9th over - 3 run(s), 4 hit(s), 0 error(s), 1 left on base; West Virginia 6 - Gainesville 4
BOTTOM OF THE 9TH
Gainesville Guidos batting - Pitching for West Virginia Power : LHP Roberto Aguilar
Pitching: RHP Manuel Montoya
Batting: RHB Dave Hall 0-0: Called Strike
0-1: Called Strike
0-2: Strikes out swinging
Batting: RHB Denver Baker 0-0: Called Strike
0-1: Swinging Strike
0-2: Ball
1-2: Foul Ball, location: 2F
1-2: Fly out, F8 (Flyball, 8LS)
Batting: LHB Eddy Jefferson 0-0: Ball
1-0: Ball
2-0: Foul Ball, location: 2F
2-1: Ball
3-1: Base on Balls
Batting: LHB Scott Young 0-0: Ball
1-0: Swinging Strike
1-1: Called Strike
1-2: Strikes out swinging
Bottom of the 9th over - 0 run(s), 0 hit(s), 0 error(s), 1 left on base; West Virginia 6 - Gainesville 4
Tuesday, August 8th, 2017 - OOTP Baseball 17.12 Build 75